 Dungeon Crawl Stone Soup version 0.30.1-9-gdf580d7c3d (webtiles) character file.

Game seed: 5443365397871758416

96 Peloso the Shield-Bearer (level 4, 0/44 HPs)
             Began as a Minotaur Fighter on Oct 18, 2023.
             Slain by Sigmund
             ... wielding a +0 scythe
              (5 damage)
             ... on level 4 of the Dungeon.
             The game lasted 00:04:09 (2250 turns).

Peloso the Shield-Bearer (Minotaur Fighter)         Turns: 2250, Time: 00:04:09

Health: 0/44       AC:  8    Str: 18    XL:     4   Next: 41%
Magic:  3/3        EV:  9    Int:  3    God:
Gold:   168        SH:  6    Dex: 20    Spells: 3/3 levels left

rFire   . . .        a - +0 long sword
rCold   . . .        d - +0 buckler
rNeg    . . .        b - +0 scale mail
rPois   .            (helmet restricted)
rElec   .            c - +0 cloak
rCorr   .            (no gloves)
SInv    .            (no boots)
Will    .....        (no amulet) Stlth
                     (no ring)
HPRegen 0.27/turn    (no ring)
MPRegen 0.08/turn

%: no passive effects
@: no status effects
A: horns 2, retaliatory headbutt, agile 2, robust 1
a: no special abilities


You were on level 4 of the Dungeon.
You visited 1 branch of the dungeon, and saw 4 of its levels.

You collected 168 gold pieces.

Inventory:

Hand Weapons
 a - a +0 long sword (weapon)
Armour
 b - a +0 scale mail (worn)
 c - a +0 cloak (worn)
 d - a +0 buckler (worn)
Wands
 f - a wand of iceblast (6)
Scrolls
 g - 2 scrolls of teleportation
 h - a scroll of enchant armour
 j - a scroll of enchant weapon {unknown}
Potions
 e - a potion of might
 i - 2 potions of mutation


   Skills:
 + Level 4.2 Fighting
 + Level 3.6 Long Blades
 + Level 4.4 Armour
 + Level 0.3 Dodging
 + Level 4.5 Shields


You had 3 spell levels left.
You didn't know any spells.
Your spell library contained the following spells:

 Spells                   Type           Power      Damage    Failure   Level
 Sandblast                Erth           0%         2d4       93%         1
 Passwall                 Tmut/Erth      0%         N/A       98%         2
 Hailstorm                Conj/Ice       0%         3d3       100%        3
 Stone Arrow              Conj/Erth      0%         3d7       100%        3
 Ice Form                 Ice/Tmut       0%         N/A       100%        4
 Simulacrum               Ice/Necr       0%         N/A       100%        6


Dungeon Overview and Level Annotations

Branches:
Dungeon (4/15)
 Temple: D:4-7

Altars:
Dithmenos

Shops:
D:1 [

Annotations:
D:4 Sigmund


Innate Abilities, Weirdness & Mutations

You have a pair of horns on your head.
You reflexively headbutt those who attack you in melee.
You are very agile. (Dex +8, Str/Int -2)
You are robust. (+10% HP)


Message History

You resist with some effort.
Sigmund points at you and mumbles some strange words.
You resist with some effort.
You barely miss Sigmund.
Sigmund is almost dead.
Sigmund mumbles some strange words.
Sigmund flickers and vanishes!
Deactivating autopickup; reactivate with Ctrl-A.
You completely miss something.
You hear some strange, mumbled words.
A puff of flame appears from out of thin air!
The puff of flame hits you!
You hit something. Your headbutt misses something. Something hits you.
* * * LOW HITPOINT WARNING * * *
You slash something! Your headbutt misses something.
You hit something but do no damage. You block something's attack.
The kobold throws a stone.
You closely miss something.
You hear some strange, mumbled words.
A magic dart appears from out of thin air!
The magic dart hits you.
* * * LOW HITPOINT WARNING * * *
You barely miss something. Your headbutt misses something.
You hear some strange, mumbled words.
You are confused.
Something hits you.
* * * LOW HITPOINT WARNING * * *
The kobold throws a stone.
Something hits you but does no damage.
You bump into the rock wall.
You bump into the rock wall.
Something hits you but does no damage.
The kobold throws a stone.
The stone closely misses you.
Okay, then.
You bump into the rock wall.
Something hits you.
* * * LOW HITPOINT WARNING * * *
You feel less confused.
The kobold throws a stone.
You miss something. Something hits you but does no damage.
The kobold throws a stone.
The stone barely misses you.
You barely miss something. Your headbutt misses something. Something hits you.
You die...

.... #..# #..# #..##
/.. #g# #K#
#######.######
........@....#
#####...####.# #...#
#.# ###..>## #.#
#......###.####.##
#.#...............
.###.#....###.####.#.
.....#........#
.........######


You could see a hobgoblin and a kobold.

Vanquished Creatures
  3 adders (D:2)
  A worm (D:2)
  A dart slug (D:3)
  6 endoplasms
  3 giant cockroaches (D:1)
  5 goblins
  5 hobgoblins
  7 jackals
  2 quokkas
  3 ball pythons
  7 bats
  7 frilled lizards
  6 kobolds
  4 rats
60 creatures vanquished.

Notes
Turn   | Place    | Note
-------+----------+-------------------------------------------
     0 | D:1      | Peloso the Minotaur Fighter began the quest for the Orb.
     0 | D:1      | Reached XP level 1. HP: 19/19 MP: 0/0
    44 | D:1      | Found Nohiemu Cine's Armour Shoppe.
   263 | D:1      | Reached XP level 2. HP: 27/27 MP: 1/1
   512 | D:1      | Reached XP level 3. HP: 32/33 MP: 2/2
   672 | D:2      | Gained mutation: You are agile. (Dex +4, Str/Int -1)
                  | [potion of mutation]
   672 | D:2      | Gained mutation: You are robust. (+10% HP) [potion of
                  | mutation]
   672 | D:2      | Gained mutation: You are very agile. (Dex +8, Str/Int -2)
                  | [potion of mutation]
   676 | D:2      | Found a shadowy altar of Dithmenos.
   865 | D:2      | Reached XP level 4. HP: 34/44 MP: 3/3
  1171 | D:2      | Found a faded altar of an unknown god.
  2220 | D:4      | Noticed Sigmund
  2250 | D:4      | Slain by Sigmund

Illustrated notes

Levels and vault maps discovered:
D:1:      dpeg_arrival_radiant, layout_rooms, serial_shops, nicolae_square_shop
D:2:      layout_loops_ring, basic_altar, basic_ecumenical_altar,
          kennysheep_nub, minmay_increasing_density
D:3:      layout_loops_ring, serial_bayou_lake_a
D:4:      layout_loops_corners, minmay_temple_entry_mini_moons,
          chequers_serial_rivers_marsh, uniq_sigmund

Skill      XL: |  1  2  3 |
---------------+----------+-----
Shields        | 4 |  4.5
Fighting       | 4 |  4.2
Long Blades    | 3 |  3.6
Armour         | 4 |  4.4
Dodging        | |  0.3

Action                     |  1- 3 |  4- 6 || total
---------------------------+-------+-------++-------
  Melee: Long sword        |    95 |    61 ||   156
         Headbutt          |    14 |     3 ||    17
    Use: Potion            |     1 |       ||     1
         Scroll            |       |     4 ||     4
 Armour: Scale mail        |    62 |    36 ||    98
  Dodge: Dodged            |    50 |    32 ||    82
  Block: Buckler           |    32 |    31 ||    63
